 Dungeon Crawl Stone Soup version 0.22-a0-480-g991dd4b (webtiles) character file.

629 Darkshadow the Cleaver (level 7, -10/62 HPs)
             Began as a Hill Orc Monk on June 15, 2018.
             Was a Believer of Beogh.
             Mangled by a gnoll
             ... wielding a +0 whip of electrocution
              (11 damage)
             ... on level 3 of the Dungeon.
             The game lasted 00:29:53 (4698 turns).

Darkshadow the Cleaver (Hill Orc Monk)              Turns: 4698, Time: 00:29:54

Health: -10/62     AC: 11    Str: 16    XL:     7   Next: 48%
Magic:  7/7        EV: 10    Int: 10    God:    Beogh [**....]
Gold:   146        SH:  0    Dex: 13    Spells: 6/6 levels left

rFire    . . .     SeeInvis .   a - +1 hand axe
rCold    . . .     Gourm    .   (no shield)
rNeg     . . .     Faith    .   l - +1 scale mail
rPois    .         Spirit   .   (no helmet)
rElec    .         Reflect  .   (no cloak)
rCorr    +         Harm     .   r - +2 pair of gloves
MR       .....                  (no boots)
Stlth    ..........             (no amulet)
HPRegen  0.20/turn              p - ring of resist corrosion
MPRegen  0.10/turn              (no ring)

@: no status effects
A: no striking features
a: Smiting, Renounce Religion


You were on level 3 of the Dungeon.
You worshipped Beogh.
Beogh was pleased with you.
You were very hungry.

You visited 1 branch of the dungeon, and saw 4 of its levels.

You collected 188 gold pieces.
You spent 42 gold pieces at shops.

Inventory:

Hand Weapons
 a - a +1 hand axe (weapon)
 b - a +0 hunting sling
Missiles
 e - 274 stones (quivered)
 g - 5 needles of paralysis
Armour
 d - a +0 ring mail
 k - a +0 robe
 l - a +1 scale mail (worn)
 r - a +2 pair of gloves (worn)
Jewellery
 o - an uncursed ring of stealth {unknown}
 p - a ring of resist corrosion (left hand)
 u - an uncursed ring of fire
Scrolls
 f - 2 scrolls of identify {@r1}
 h - a scroll of teleportation
 i - 2 scrolls of remove curse {@r2}
 m - 3 scrolls of enchant armour
 t - a scroll of amnesia {unknown}
 w - a scroll of noise
Potions
 j - 3 potions of curing {@q1}
 n - 2 potions of agility
 q - 2 potions of lignification
 s - a potion of might
 v - a potion of cancellation {unknown}
 x - 3 potions of degeneration {unknown}
Comestibles
 c - 10 rations


   Skills:
 + Level 5.9 Fighting
 * Level 8.3 Axes
 + Level 4.0 Armour
 - Level 2.4 Dodging
 - Level 1.5 Stealth


You had 6 spell levels left.
You didn't know any spells.
Your spell library was empty.

Dungeon Overview and Level Annotations

Branches:
Dungeon (4/15)
 Temple: D:4-7

Altars:
Fedhas
Okawaru
Ru
The Shining One

Shops:
D:4 *


Message History

You kill the gnoll!
Beogh accepts your kill.
Your Armour skill increases to level 4!
You hit the gnoll.
The gnoll hits you with a whip of electrocution.
You are electrocuted!
You barely miss the gnoll.
The gnoll is almost dead.
The gnoll hits you but does no damage.
You are electrocuted!
* * * LOW HITPOINT WARNING * * *
You closely miss the gnoll.
The gnoll is almost dead.
The gnoll hits you but does no damage.
You are electrocuted!
* * * LOW HITPOINT WARNING * * *
You hit the gnoll.
The gnoll is almost dead.
The gnoll hits you with a whip of electrocution!
* * * LOW HITPOINT WARNING * * *
You are electrocuted!
You die...

##.....###################
.........................#
##.....#################.#
##....##............## #.#
...#.###.###.#####...###.#
.......######### ###....)# #####
##.##### ##8###8####.###.# #...#
...# ##8...8?.(8######.####...#
##.# ####....$..@)####...........
#.###.#_.......g.>#.............
#.....##.........####...##......
##.######8...8...8####...####...#
...# ##8###8######...# #...# ##(#
# ###### #.....# ##### #[# #...#
####..# ##.# ##.## #..# .รท.####
#.# #..# ####


You could see a gnoll.

Vanquished Creatures
  The ghost of Raine357 the Skirmisher, an amateur BaCK of Xom (D:4)
  2 howler monkeys
  2 hounds
  A bullfrog skeleton (D:4)
  Natasha (thrice) (D:3)
  3 worker ants
  2 gnolls
  4 adders
  2 dart slugs
  2 leopard geckos (D:4)
  An orc (D:4)
  3 bats
  2 giant cockroaches
  5 goblins
  8 hobgoblins
  2 jackals
  A quokka (D:3)
  2 ball pythons
  3 frilled lizards
  A jackal skeleton (D:4)
  5 kobolds
  7 rats
62 creatures vanquished.

Vanquished Creatures (others)
  A howler monkey (D:4)
  An adder (D:4)
  3 orcs (D:4)
5 creatures vanquished.

Grand Total: 67 creatures vanquished

Notes
Turn   | Place    | Note
-------+----------+-------------------------------------------
     0 | D:1      | Darkshadow the Hill Orc Monk began the quest for the Orb.
     0 | D:1      | Reached XP level 1. HP: 19/19 MP: 1/1
   272 | D:1      | Reached XP level 2. HP: 21/27 MP: 2/2
   980 | D:2      | Reached skill level 1 in Armour
  1263 | D:2      | Reached XP level 3. HP: 33/33 MP: 3/3
  1571 | D:2      | Found an iron altar of Okawaru.
  1636 | D:3      | Reached skill level 5 in Axes
  1762 | D:3      | Found a glowing golden altar of the Shining One.
  2219 | D:3      | Noticed Natasha
  2242 | D:3      | Killed Natasha
  2242 | D:3      | Reached XP level 4. HP: 16/40 MP: 4/4
  3162 | D:4      | Reached XP level 5. HP: 45/47 MP: 5/5
  3187 | D:4      | Noticed Raine357's ghost (amateur BaCK)
  3254 | D:4      | Reached skill level 6 in Axes
  3337 | D:3      | Noticed Natasha
  3346 | D:3      | Killed Natasha
  3440 | D:3      | Noticed Natasha
  3470 | D:3      | Killed Natasha
  3819 | D:4      | Reached skill level 5 in Fighting
  3819 | D:4      | Reached XP level 6. HP: 46/56 MP: 6/6
  3834 | D:4      | Found Perchec's General Store.
  3878 | D:4      | Bought a scroll of remove curse for 42 gold pieces
  3905 | D:4      | Found a blossoming altar of Fedhas.
  3919 | D:4      | Found a sacrificial altar of Ru.
  4034 | D:4      | Became a worshipper of Beogh the Brigand
  4034 | D:4      | Reached * piety under Beogh
  4034 | D:4      | Reached ** piety under Beogh
  4041 | D:4      | Reached skill level 7 in Axes
  4226 | D:4      | Killed Raine357's ghost
  4226 | D:4      | Reached skill level 8 in Axes
  4226 | D:4      | Reached XP level 7. HP: 29/62 MP: 7/7
  4698 | D:3      | HP: 1/62 [gnoll/whip of electrocution (7)]
  4698 | D:3      | Mangled by a gnoll

Vault maps used:
D:1:      roderic_crop_circles_arrival_small
D:2:      marbit_many_paths, fountainhead
D:3:      nicolae_overflow_hidden_temple, corner_web_ring,
          minmay_misc_feat_square, supply_closet_lemuel, hangedman_glass_teeth,
          uniq_natasha
D:4:      nicolae_ru_great_annihilating_truth, lemuel_crystal_altar,
          serial_shops, shop

Skill      XL: |  1  2  3  4  5  6  7 |
---------------+----------------------+-----
Armour         | 1 2 3 4 |  4.0
Fighting       | 4 5 |  5.9
Axes           | 5 6 8 |  8.3
Dodging        | |  2.4
Stealth        | |  1.5

Action                   |  1- 3 |  4- 6 |  7- 9 || total
-------------------------+-------+-------+-------++-------
Melee: Hand axe          |   130 |   161 |    19 ||   310
 Fire: Hunting sling     |    31 |    19 |    11 ||    61
Invok: Convert to Beogh  |       |     1 |       ||     1
  Use: Scroll            |     1 |     5 |     2 ||     8
 Stab: Paralysed         |       |     1 |       ||     1
  Eat: Chunk             |     3 |     1 |       ||     4
       Ration            |       |     2 |       ||     2
Armor: Ring mail         |     6 |       |       ||     6
       Scale mail        |    32 |   100 |    19 ||   151
Dodge: Dodged            |    44 |    99 |    23 ||   166

Table legend:
 A = Spawn XP
 B = Non-spawn XP
 C = Spawn XP percentage of total XP
 D = Spawn monster count
 E = Non-spawn monster count
 F = Spawn count percentage of total count
 G = Total turns spent on level
                    A         B        C        D         E        F      G
               +---------+---------+-------+---------+---------+-------+---------
         Total |       0 |     899 |   0.0 |       0 |      62 |   0.0 |  4698
               +---------+---------+-------+---------+---------+-------+---------
           D:1 |       0 |      18 |   0.0 |       0 |      12 |   0.0 |   837
           D:2 |       0 |      35 |   0.0 |       0 |      14 |   0.0 |  1033
           D:3 |       0 |     291 |   0.0 |       0 |      20 |   0.0 |  1933
           D:4 |       0 |     555 |   0.0 |       0 |      16 |   0.0 |   895
               +---------+---------+-------+---------+---------+-------+---------
